| TOP OF THE 1ST |
|
Round Rock Express batting - Pitching for Salt Lake Bees : RHP Chris Wood
|
|
Pitching: RHP Chris Wood
|
|
|
Batting: RHB Cody Flowers
|
0-0: TRIPLE (Flyball, 7LD, EV 108.1 MPH)
|
|
Batting: LHB Pauli Gassinger
|
0-0: Ball 1-0: Foul Ball, location: 2F 1-1: Ball 2-1: DOUBLE (Groundball, 5L, EV 101.3 MPH) Cody Flowers scores
|
|
Batting: RHB Jose Leon
|
0-0: Ball 1-0: Ball 2-0: Called Strike 2-1: DOUBLE (Line Drive, 78M, EV 112.5 MPH) Pauli Gassinger scores
|
|
Batting: RHB Orlando Suarez
|
0-0: Ball 1-0: Ball 2-0: SINGLE (Groundball, 6D, EV 107.5 MPH) Jose Leon to third
|
|
Batting: RHB Alan Oxenrider
|
0-0: Ball 1-0: Foul Ball, location: 2F 1-1: Ball 2-1: Called Strike 2-2: Foul Ball, location: 2F 2-2: Reached on error, E1 (Groundball, 13S, EV 72.5 MPH) Jose Leon scores Orlando Suarez to second
|
|
Batting: RHB Jimmy Hammertime
|
0-0: Ball 1-0: Swinging Strike 1-1: Foul Ball, location: 2F 1-2: Ball 2-2: Strikes out swinging
|
|
Batting: LHB Jeff Densmore
|
0-0: Called Strike 0-1: Ball 1-1: Foul Ball, location: 2F 1-2: Ball 2-2: Strikes out swinging
|
|
Batting: RHB Gavin Fimple
|
0-0: Called Strike 0-1: Foul Ball, location: 2F 0-2: Strikes out swinging
|
| Top of the 1st over - 3 runs, 4 hits, 1 error, 2 left on base; Round Rock 3 - Salt Lake 0 |
| BOTTOM OF THE 1ST |
|
Salt Lake Bees batting - Pitching for Round Rock Express : RHP Ryan Jones
|
|
Pitching: RHP Ryan Jones
|
|
|
Batting: RHB Mike Harkins
|
0-0: Called Strike 0-1: Foul Ball, location: 2F 0-2: SINGLE (Line Drive, 34D, EV 110.0 MPH)
|
|
Batting: RHB Reginald McDougall
|
0-0: Foul Ball, location: 2F 0-1: Foul Ball, location: 2F 0-2: Ball 1-2: Reached on error, E1 (Groundball, 15S, EV 69.4 MPH) Mike Harkins to second
|
|
Batting: RHB Andres Mendiola
|
0-0: Ground out 5-3 (Groundball, 56S, EV 62.5 MPH) Mike Harkins to third Reginald McDougall to second
|
|
Batting: LHB Vinny Carreno
|
0-0: Foul Ball, location: 2F 0-1: Ball 1-1: Ball 2-1: Ball 3-1: Ground out 4-3 (Groundball, 4, EV 100.0 MPH) Mike Harkins scores Reginald McDougall to third
|
|
Batting: LHB Matt Patnaude
|
0-0: Called Strike 0-1: Ball 1-1: Ground out 4-3 (Groundball, 4, EV 90.6 MPH)
|
| Bottom of the 1st over - 1 run, 1 hit, 1 error, 1 left on base; Round Rock 3 - Salt Lake 1 |
| TOP OF THE 2ND |
|
Round Rock Express batting - Pitching for Salt Lake Bees : RHP Chris Wood
|
|
Batting: RHB Rick Concha
|
0-0: Ball 1-0: Ball 2-0: Ground out 6-3 (Groundball, P, EV 83.8 MPH)
|
|
Batting: RHB Cody Flowers
|
0-0: Fly out, F8 (Flyball, 8LD, EV 100.0 MPH)
|
|
Batting: LHB Pauli Gassinger
|
0-0: Called Strike 0-1: Ball 1-1: Ball 2-1: SINGLE (Groundball, 56, EV 101.9 MPH) (infield hit)
|
|
Batting: RHB Jose Leon
|
0-0: Called Strike 0-1: Called Strike 0-2: Foul Ball, location: 2F 0-2: Ball Pickoff Throw to First - Error! E1 Pauli Gassinger to second 1-2: Ball 2-2: Foul Ball, location: 2F 2-2: Foul Ball, location: 2F 2-2: Ball 3-2: 2-RUN HOME RUN (Flyball, 78XD, EV 100.0 MPH), Distance : 409 ft
|
|
Batting: RHB Orlando Suarez
|
0-0: Ball 1-0: Ball 2-0: Called Strike 2-1: Ball 3-1: Fly out, F7 (Flyball, 7LS, EV 86.3 MPH)
|
| Top of the 2nd over - 2 runs, 2 hits, 1 error, 0 left on base; Round Rock 5 - Salt Lake 1 |
| BOTTOM OF THE 2ND |
|
Salt Lake Bees batting - Pitching for Round Rock Express : RHP Ryan Jones
|
|
Batting: RHB Guillermo Mojica
|
0-0: Ball 1-0: Ball 2-0: Ground out 6-3 (Groundball, 6, EV 101.9 MPH)
|
|
Batting: SHB Brendan Bundy
|
0-0: Ball 1-0: Ground out 4-3 (Groundball, 4, EV 94.4 MPH)
|
|
Batting: RHB Ryan Marler
|
0-0: Ball 1-0: Called Strike 1-1: Ball 2-1: Foul Ball, location: 2F 2-2: Hit by Pitch
|
|
Batting: SHB Ivan Barry
|
0-0: Ball 1-0: Called Strike 1-1: Ball 2-1: Ball 3-1: SINGLE (Groundball, 56D, EV 83.1 MPH) (infield hit) Ryan Marler to second
|
|
Batting: RHB Mike Harkins
|
0-0: Foul Ball, location: 2F 0-1: Ball 1-1: Ball 2-1: Ball Wild Pitch! Ryan Marler to third Ivan Barry to second 3-1: Called Strike 3-2: DOUBLE (Line Drive, 3D, EV 98.8 MPH) Ryan Marler scores Ivan Barry scores
|
|
Batting: RHB Reginald McDougall
|
0-0: Foul Ball, location: 2F 0-1: Ball 1-1: Ball 2-1: Ball 3-1: SINGLE (Groundball, 5S, EV 68.1 MPH) (infield hit) Mike Harkins to third
|
|
Batting: RHB Andres Mendiola
|
0-0: Ball 1-0: Foul Ball, location: 2F 1-1: Ball 2-1: Ground out 4-3 (Groundball, 4, EV 91.9 MPH)
|
| Bottom of the 2nd over - 2 runs, 3 hits, 0 errors, 2 left on base; Round Rock 5 - Salt Lake 3 |
| TOP OF THE 3RD |
|
Round Rock Express batting - Pitching for Salt Lake Bees : RHP Chris Wood
|
|
Batting: RHB Alan Oxenrider
|
0-0: Ball 1-0: Ball 2-0: Foul Ball, location: 2F 2-1: SINGLE (Groundball, 56S, EV 68.8 MPH) (infield hit)
|
|
Batting: RHB Jimmy Hammertime
|
0-0: Swinging Strike 0-1: Ball 1-1: Ball 2-1: Foul Ball, location: 2F 2-2: Ball 3-2: Foul Ball, location: 2F 3-2: Strikes out swinging
|
|
Batting: LHB Jeff Densmore
|
0-0: Called Strike 0-1: Foul Ball, location: 2F 0-2: Ball 1-2: Strikes out swinging
|
|
Batting: RHB Gavin Fimple
|
0-0: Foul Ball, location: 2F 0-1: SINGLE (Flyball, 5D, EV 85.6 MPH) Alan Oxenrider to second
|
|
Batting: RHB Rick Concha
|
0-0: Foul Ball, location: 2F 0-1: Ball 1-1: Swinging Strike 1-2: Fly out, F7 (Flyball, 7LM, EV 96.3 MPH)
|
| Top of the 3rd over - 0 runs, 2 hits, 0 errors, 2 left on base; Round Rock 5 - Salt Lake 3 |
| BOTTOM OF THE 3RD |
|
Salt Lake Bees batting - Pitching for Round Rock Express : RHP Ryan Jones
|
|
Batting: LHB Vinny Carreno
|
0-0: Fly out, F7 (Flyball, 7S, EV 91.9 MPH)
|
|
Batting: LHB Matt Patnaude
|
0-0: Called Strike 0-1: Ball 1-1: Ground out 1-3 (Groundball, 13, EV 68.8 MPH)
|
|
Batting: RHB Guillermo Mojica
|
0-0: Called Strike 0-1: TRIPLE (Flyball, 78XD, EV 102.5 MPH)
|
|
Batting: SHB Brendan Bundy
|
0-0: Called Strike 0-1: Foul Ball, location: 2F 0-2: Ball Wild Pitch! Guillermo Mojica scores 1-2: Ground out 4-3 (Groundball, 4, EV 97.5 MPH)
|
| Bottom of the 3rd over - 1 run, 1 hit, 0 errors, 0 left on base; Round Rock 5 - Salt Lake 4 |
| TOP OF THE 4TH |
|
Round Rock Express batting - Pitching for Salt Lake Bees : RHP Chris Wood
|
|
Batting: RHB Cody Flowers
|
0-0: Foul Ball, location: 2F 0-1: Foul Ball, location: 2F 0-2: Strikes out looking
|
|
Batting: LHB Pauli Gassinger
|
0-0: Called Strike 0-1: Ball 1-1: Called Strike 1-2: Ball 2-2: Fly out, F7 (Line Drive, 7, EV 110.0 MPH)
|
|
Batting: RHB Jose Leon
|
0-0: Ball 1-0: Ball 2-0: Called Strike 2-1: Called Strike 2-2: Ball 3-2: Fly out, F7 (Line Drive, 7D, EV 100.0 MPH)
|
| Top of the 4th over - 0 runs, 0 hits, 0 errors, 0 left on base; Round Rock 5 - Salt Lake 4 |
| BOTTOM OF THE 4TH |
|
Salt Lake Bees batting - Pitching for Round Rock Express : RHP Ryan Jones
|
|
Batting: RHB Ryan Marler
|
0-0: Ball 1-0: Ground out 6-3 (Groundball, 6, EV 109.4 MPH)
|
|
Batting: SHB Ivan Barry
|
0-0: Ball 1-0: Ball 2-0: Ball 3-0: Called Strike 3-1: Foul Ball, location: 2F 3-2: Foul Ball, location: 2F 3-2: Foul Ball, location: 2F 3-2: Strikes out swinging, 2-3 out at first.
|
|
Batting: RHB Mike Harkins
|
0-0: Ball 1-0: Swinging Strike 1-1: SINGLE (Groundball, 6MD, EV 105.6 MPH)
|
|
Batting: RHB Reginald McDougall
|
0-0: Ball 1-0: Ball 2-0: Fielders Choice at 2nd, 6-4 (Groundball, 6, EV 87.5 MPH)
|
| Bottom of the 4th over - 0 runs, 1 hit, 0 errors, 1 left on base; Round Rock 5 - Salt Lake 4 |
| TOP OF THE 5TH |
|
Round Rock Express batting - Pitching for Salt Lake Bees : RHP Chris Wood
|
|
Batting: RHB Orlando Suarez
|
0-0: Foul Ball, location: 2F 0-1: Ball 1-1: SINGLE (Line Drive, 9LS, EV 104.4 MPH)
|
|
Batting: RHB Alan Oxenrider
|
0-0: Ball 1-0: Foul Ball, location: 2F 1-1: Ball 2-1: Ground out 3-1 (Groundball, 34S, EV 68.1 MPH) Orlando Suarez to second
|
|
Batting: RHB Jimmy Hammertime
|
0-0: SINGLE (Groundball, 6MD, EV 100.6 MPH) Orlando Suarez to third Runner from 3rd tries for Home, SAFE, throw by CF to home
|
|
Pitching: LHP Matt Barr
|
|
|
Batting: LHB Jeff Densmore
|
0-0: Ball 1-0: Called Strike 1-1: Ball 2-1: Ball 3-1: Swinging Strike 3-2: Fly out, F8 (Line Drive, 8LM, EV 103.1 MPH)
|
|
Batting: RHB Gavin Fimple
|
0-0: Called Strike 0-1: Ball 1-1: Ground out U3 (Groundball, 3L, EV 103.1 MPH)
|
| Top of the 5th over - 1 run, 2 hits, 0 errors, 1 left on base; Round Rock 6 - Salt Lake 4 |
| BOTTOM OF THE 5TH |
|
Salt Lake Bees batting - Pitching for Round Rock Express : RHP Ryan Jones
|
|
Batting: RHB Andres Mendiola
|
0-0: Called Strike 0-1: Foul Ball, location: 2F 0-2: Ball 1-2: Foul Ball, location: 2F 1-2: Fly out, F7 (Flyball, 78D, EV 78.1 MPH)
|
|
Batting: LHB Vinny Carreno
|
0-0: Called Strike 0-1: Called Strike 0-2: Foul Ball, location: 2F 0-2: Ball 1-2: Ground out 1-3 (Groundball, 13S, EV 72.5 MPH)
|
|
Batting: LHB Matt Patnaude
|
0-0: Ball 1-0: Fly out, F8 (Flyball, 8RM, EV 87.5 MPH)
|
| Bottom of the 5th over - 0 runs, 0 hits, 0 errors, 0 left on base; Round Rock 6 - Salt Lake 4 |
| TOP OF THE 6TH |
|
Round Rock Express batting - Pitching for Salt Lake Bees : LHP Matt Barr
|
|
Batting: RHB Rick Concha
|
0-0: Ground out 4-3 (Groundball, 4, EV 85.0 MPH)
|
|
Batting: RHB Cody Flowers
|
0-0: Swinging Strike 0-1: Ball 1-1: Ball 2-1: Ball 3-1: Fly out, F8 (Flyball, 8LD, EV 88.1 MPH)
|
|
Batting: LHB Pauli Gassinger
|
0-0: Ball 1-0: Ball 2-0: Ball 3-0: Called Strike 3-1: Foul Ball, location: 2F 3-2: Base on Balls
|
|
Batting: RHB Jose Leon
|
0-0: Foul Ball, location: 2F 0-1: Called Strike 0-2: Ball 1-2: Foul Ball, location: 2F 1-2: Foul Ball, location: 2F 1-2: Ball 2-2: SINGLE (Line Drive, 8RS, EV 91.3 MPH) Pauli Gassinger to second Pauli Gassinger to third
|
|
Batting: RHB Orlando Suarez
|
0-0: Called Strike 0-1: Ball 1-1: Called Strike 1-2: Strikes out swinging
|
| Top of the 6th over - 0 runs, 1 hit, 0 errors, 2 left on base; Round Rock 6 - Salt Lake 4 |
| BOTTOM OF THE 6TH |
|
Salt Lake Bees batting - Pitching for Round Rock Express : RHP Ryan Jones
|
|
Batting: RHB Guillermo Mojica
|
0-0: Ball 1-0: Called Strike 1-1: Ground out U3 (Groundball, 34S, EV 83.1 MPH)
|
|
Batting: SHB Brendan Bundy
|
0-0: Called Strike 0-1: Ball 1-1: Ball 2-1: Called Strike 2-2: Ball 3-2: Strikes out swinging
|
|
Batting: RHB Ryan Marler
|
0-0: Ball 1-0: Foul Ball, location: 2F 1-1: Called Strike 1-2: Ball 2-2: Ball 3-2: Strikes out swinging
|
| Bottom of the 6th over - 0 runs, 0 hits, 0 errors, 0 left on base; Round Rock 6 - Salt Lake 4 |
| TOP OF THE 7TH |
|
Round Rock Express batting - Pitching for Salt Lake Bees : LHP Matt Barr
|
|
Pitching: RHP Kirk Thacker
|
|
|
Batting: RHB Alan Oxenrider
|
0-0: Ball 1-0: Ball 2-0: Called Strike 2-1: Fly out, F8 (Flyball, 78M, EV 93.8 MPH)
|
|
Batting: RHB Jimmy Hammertime
|
0-0: Called Strike 0-1: Ball 1-1: Foul Ball, location: 2F 1-2: Ball 2-2: Ball 3-2: Base on Balls
|
|
Batting: LHB Jeff Densmore
|
0-0: Called Strike 0-1: Ball 1-1: Foul Ball, location: 2F 1-2: Strikes out swinging
|
|
Batting: RHB Gavin Fimple
|
0-0: Foul Ball, location: 2F 0-1: Ball 1-1: Called Strike 1-2: Ball 2-2: Ball 3-2: SINGLE (Groundball, 56, EV 103.8 MPH) (infield hit) Jimmy Hammertime to second
|
|
Batting: RHB Rick Concha
|
0-0: Swinging Strike 0-1: Ball 1-1: Swinging Strike 1-2: Ground out 3-1 (Groundball, 34, EV 76.3 MPH)
|
| Top of the 7th over - 0 runs, 1 hit, 0 errors, 2 left on base; Round Rock 6 - Salt Lake 4 |
| BOTTOM OF THE 7TH |
|
Salt Lake Bees batting - Pitching for Round Rock Express : RHP Ryan Jones
|
|
Batting: SHB Ivan Barry
|
0-0: Called Strike 0-1: Fly out, F6 (Popup, 6MD, EV 52.5 MPH)
|
|
Batting: RHB Mike Harkins
|
0-0: Swinging Strike 0-1: SINGLE (Groundball, 34D, EV 105.6 MPH)
|
|
Pitching: RHP Luis Guerrero
|
|
|
Batting: RHB Reginald McDougall
|
0-0: Ball Mike Harkins steals 2nd base 1-0: Swinging Strike 1-1: Ball 2-1: Called Strike 2-2: Strikes out swinging
|
|
Batting: RHB Andres Mendiola
|
0-0: Ball 1-0: SINGLE (Groundball, 56D, EV 105.6 MPH) Mike Harkins to third Runner from 3rd tries for Home, SAFE, throw by LF to home Andres Mendiola to second
|
|
Batting: LHB Vinny Carreno
|
0-0: Ball 1-0: Foul Ball, location: 2F 1-1: Called Strike 1-2: Foul Ball, location: 2F 1-2: Strikes out swinging
|
| Bottom of the 7th over - 1 run, 2 hits, 0 errors, 1 left on base; Round Rock 6 - Salt Lake 5 |
| TOP OF THE 8TH |
|
Round Rock Express batting - Pitching for Salt Lake Bees : RHP Kirk Thacker
|
|
Pitching: RHP Jake Bruen
|
|
|
Batting: RHB Cody Flowers
|
0-0: Ball 1-0: Called Strike 1-1: SINGLE (Groundball, 56, EV 107.5 MPH)
|
|
Batting: LHB Pauli Gassinger
|
0-0: Ball Cody Flowers steals 2nd base 1-0: Called Strike 1-1: Swinging Strike 1-2: Ball 2-2: Strikes out swinging
|
|
Batting: RHB Jose Leon
|
0-0: Foul Ball, location: 2F 0-1: Foul Ball, location: 2F 0-2: Ball 1-2: Strikes out swinging
|
|
Batting: RHB Orlando Suarez
|
0-0: Ball 1-0: Called Strike Cody Flowers steals 3rd base 1-1: Ball 2-1: Ball 3-1: Swinging Strike 3-2: Foul Ball, location: 2F 3-2: Base on Balls
|
|
Batting: RHB Alan Oxenrider
|
0-0: Called Strike 0-1: Ball 1-1: Foul Ball, location: 2F 1-2: Foul Ball, location: 2F 1-2: Ball 2-2: Foul Ball, location: 2F 2-2: Ball 3-2: SINGLE (Groundball, 4D, EV 99.4 MPH) Cody Flowers scores Orlando Suarez to second Orlando Suarez to third
|
|
Batting: RHB Jimmy Hammertime
|
0-0: Called Strike 0-1: Ball 1-1: SINGLE (Line Drive, 9LS, EV 105.6 MPH) Orlando Suarez scores Alan Oxenrider to second
|
|
Batting: LHB Jeff Densmore
|
0-0: Foul Ball, location: 2F 0-1: Swinging Strike 0-2: Ball 1-2: Strikes out swinging
|
| Top of the 8th over - 2 runs, 3 hits, 0 errors, 2 left on base; Round Rock 8 - Salt Lake 5 |
| BOTTOM OF THE 8TH |
|
Salt Lake Bees batting - Pitching for Round Rock Express : RHP Luis Guerrero
|
|
Batting: LHB Matt Patnaude
|
0-0: Called Strike 0-1: Ball 1-1: Hit by Pitch
|
|
Batting: RHB Guillermo Mojica
|
0-0: Ball 1-0: Swinging Strike 1-1: Ball 2-1: Ball 3-1: Base on Balls Matt Patnaude to second
|
|
Batting: SHB Brendan Bundy
|
0-0: Swinging Strike 0-1: Foul Ball, location: 2F 0-2: Strikes out swinging
|
|
Batting: RHB Ryan Marler
|
0-0: Ball 1-0: Swinging Strike Passed Ball! Matt Patnaude to third Guillermo Mojica to second 1-1: Ball 2-1: Foul Ball, location: 2F 2-2: Strikes out swinging
|
|
Batting: SHB Ivan Barry
|
0-0: Ball 1-0: Ball 2-0: Ball 3-0: Called Strike 3-1: Ground out 5-3 (Groundball, 56, EV 88.1 MPH)
|
| Bottom of the 8th over - 0 runs, 0 hits, 0 errors, 2 left on base; Round Rock 8 - Salt Lake 5 |
| TOP OF THE 9TH |
|
Round Rock Express batting - Pitching for Salt Lake Bees : RHP Jake Bruen
|
|
Pitching: RHP Ben Sedlacek
|
|
|
Batting: RHB Gavin Fimple
|
0-0: Called Strike 0-1: Ball 1-1: Foul Ball, location: 2F 1-2: Ball 2-2: Ball 3-2: Foul Ball, location: 2F 3-2: Foul Ball, location: 2F 3-2: Base on Balls
|
|
Batting: RHB Rick Concha
|
0-0: Ball 1-0: Bunted foul 1-1: Ball 2-1: Ball 3-1: Bunt missed! 3-2: Strikes out looking
|
|
Batting: RHB Cody Flowers
|
0-0: Ball Gavin Fimple steals 2nd base 1-0: Ball 2-0: Swinging Strike 2-1: Ball 3-1: Base on Balls
|
|
Batting: LHB Pauli Gassinger
|
0-0: Swinging Strike 0-1: Swinging Strike 0-2: Ball 1-2: Strikes out swinging
|
|
Batting: RHB Jose Leon
|
0-0: Swinging Strike 0-1: Swinging Strike 0-2: Strikes out swinging
|
| Top of the 9th over - 0 runs, 0 hits, 0 errors, 2 left on base; Round Rock 8 - Salt Lake 5 |
| BOTTOM OF THE 9TH |
|
Salt Lake Bees batting - Pitching for Round Rock Express : RHP Luis Guerrero
|
|
Pitching: LHP Melvin Fonseca
|
|
|
Batting: RHB Mike Harkins
|
0-0: Called Strike 0-1: Ground out 4-3 (Groundball, 4, EV 87.5 MPH)
|
|
Batting: RHB Reginald McDougall
|
0-0: Ground out 4-3 (Groundball, 4M, EV 87.5 MPH)
|
|
Batting: RHB Andres Mendiola
|
0-0: Ball 1-0: Called Strike 1-1: Called Strike 1-2: Ball 2-2: Ball 3-2: Foul Ball, location: 2F 3-2: SINGLE (Line Drive, 8RS, EV 98.1 MPH)
|
|
Batting: LHB Vinny Carreno
|
0-0: Ball 1-0: Ball 2-0: Called Strike 2-1: Foul Ball, location: 2F 2-2: Ball 3-2: Foul Ball, location: 2F 3-2: Strikes out swinging
|
| Bottom of the 9th over - 0 runs, 1 hit, 0 errors, 1 left on base; Round Rock 8 - Salt Lake 5 |
|